 Dungeon Crawl Stone Soup version 0.30.0-15-g856e2d3f33 (webtiles) character file.

Game seed: 3034561363411963331

36981 MacCMillion the Severer (level 13, 0/117 HPs)
             Began as a Hill Orc Fighter on May 19, 2023.
             Was a High Priest of Makhleb.
             Slain by a death yak (9 damage)
             ... led by a torpor snail
             ... on level 3 of the Lair of Beasts.
             The game lasted 00:28:16 (18424 turns).

MacCMillion the Severer (Hill Orc Fighter)         Turns: 18424, Time: 00:28:17

Health: 0/117      AC: 20    Str: 24    XL:     13   Next: 93%
Magic:  24/24      EV:  8    Int:  5    God:    Makhleb [*****.]
Gold:   953        SH:  4    Dex: 10    Spells: 12/12 levels left

rFire   x x .        M - +1 broad axe (venom)
rCold   + + +        c - +0 buckler
rNeg    . . .        D - +0 chain mail
rPois   .            Y - +1 helmet
rElec   .            T - +0 cloak "Initon" {rC+ Int-3 SInv Stlth+}
rCorr   .            q - +0 pair of gloves
SInv    +            y - +0 pair of boots
Will    .....        o - amulet of regeneration Stlth
                     L - ring of ice
HPRegen 1.19/turn    j - ring of ice
MPRegen 0.19/turn

%: no passive effects
@: about to teleport, slowed, very slow
A: no striking features
a: Renounce Religion, Minor Destruction, Lesser Servant of Makhleb, Major
Destruction, Greater Servant of Makhleb


You were on level 3 of the Lair of Beasts.
You worshipped Makhleb.
Makhleb was extremely pleased with you.
You visited 3 branches of the dungeon, and saw 17 of its levels.
You also visited: Sewer and Ice Cave.

You collected 953 gold pieces.

Inventory:

Hand Weapons
 a - a +0 war axe
 M - a +1 broad axe of venom (weapon)
 W - a +1 spear of flaming
Missiles
 t - 12 atropa-tipped darts
 Z - 2 throwing nets
Armour
 c - a +0 buckler (worn)
 q - a +0 pair of gloves (worn)
 y - a +0 pair of boots (worn)
 D - a +0 chain mail (worn)
 T - the +0 cloak "Initon" (worn) {rC+ Int-3 SInv Stlth+}
   (You found it on level 10 of the Dungeon)

   Int:       It affects your intelligence (-3).
   rC:        It protects you from cold.
   SInv:      It lets you see invisible.
   Stlth:     It makes you more stealthy.
 Y - a +1 helmet (worn)
Jewellery
 i - an amulet of guardian spirit
 j - a ring of ice (right hand)
 o - an amulet of regeneration (around neck)
 A - a ring of wizardry
 F - a +6 ring of strength
 L - a ring of ice (left hand)
 Q - a ring of flight
 U - an amulet of faith
Wands
 n - a wand of paralysis (33)
 C - a wand of roots (20)
 K - a wand of flame (34)
 N - a wand of light (5)
Scrolls
 e - 2 scrolls of teleportation
 f - a scroll of amnesia
 g - 2 scrolls of fog
 h - a scroll of poison
 l - a scroll of silence
 p - 3 scrolls of fear
 u - 4 scrolls of magic mapping {unknown}
 v - a scroll of butterflies {unknown}
 w - 4 scrolls of immolation {unknown}
 x - 2 scrolls of torment
 z - a scroll of enchant weapon {unknown}
 H - a scroll of blinking {unknown}
 I - 3 scrolls of enchant armour {unknown}
 J - 2 scrolls of vulnerability {unknown}
 R - a scroll of acquirement {unknown}
Potions
 b - 3 potions of attraction {unknown}
 d - a potion of might
 k - 6 potions of curing
 m - 6 potions of magic
 r - a potion of ambrosia {unknown}
 s - 5 potions of haste
 B - 4 potions of brilliance
 E - 2 potions of resistance
 G - 3 potions of degeneration
 O - 3 potions of mutation
 P - a potion of cancellation {unknown}
 S - a potion of berserk rage {unknown}
 V - 3 potions of heal wounds {unknown}
 X - a potion of flight {unknown}


   Skills:
 + Level 11.9 Fighting
 - Level 18.0 Axes
 + Level 13.3 Armour
 - Level 4.0 Shields
 - Level 15.0 Invocations


You had 12 spell levels left.
You didn't know any spells.
Your spell library contained the following spells:

 Spells                   Type           Power      Damage    Failure   Level
 Sandblast                Erth           0%         2d4       94%         1
 Passwall                 Tmut/Erth      0%         N/A       98%         2
 Scorch                   Fire           0%         2d5       98%         2
 Ignite Poison            Fire/Tmut/Pois 0%         N/A       100%        3
 Inner Flame              Hex/Fire       0%         N/A       100%        3
 Ozocubu's Armour         Ice            0%         N/A       100%        3
 Stone Arrow              Conj/Erth      0%         3d7       100%        3
 Cause Fear               Hex            0%         N/A       100%        4
 Flame Wave               Conj/Fire      0%         2d4       100%        4
 Olgreb's Toxic Radiance  Pois           0%         N/A       100%        4
 Sticky Flame             Conj/Fire      0%         2d3       100%        4
 Yara's Violent Unravell  Hex/Tmut       0%         3d3       100%        5
 Summon Cactus Giant      Summ           0%         N/A       100%        6
 Dragon Form              Tmut           0%         N/A       100%        7
 Enfeeble                 Hex            0%         N/A       100%        7
 Ozocubu's Refrigeration  Ice            0%         4d7       100%        7
 Discord                  Hex            0%         N/A       100%        8
 Ignition                 Fire           0%         3d3       100%        8
 Dragon's Call            Summ           0%         N/A       100%        9


Dungeon Overview and Level Annotations

Branches:
Dungeon (12/15)            Temple (1/1) D:5            Lair (4/5) D:10
  Swamp (0/4) Lair:2       Spider (0/4) Lair:2          Orc (0/2) D:9
  Sewer (visited)           IceCv (visited)
  Slime: Lair:4-5

Altars:
Cheibriados
Dithmenos
Elyvilon
Fedhas
Gozag
Hepliaklqana
Kikubaaqudgha
Makhleb
Nemelex Xobeh
Okawaru
Qazlal
Ru
Sif Muna
Uskayaw
Vehumet
Wu Jian
Xom
Yredelemnul
Zin
The Shining One
Jiyva

Shops:
D:9 !

Annotations:
D:5 exclusion: statue
D:6 1 runed translucent door, Crazy Yiuf


Message History

You block the yak's attack. The yak gores you but does no damage.
The death yak gores you but does no damage.
There is a stone staircase leading up, spattered with blood here.
The death yak gores you but does no damage.
You block the yak's attack. The yak closely misses you.
The death yak gores you but does no damage. x2
The torpor snail bites you!
You climb upwards.
There is a stone staircase leading down, spattered with blood here.
As you read the scroll of teleportation, it crumbles to dust.
You feel strangely unstable. The death yak gores you! The yak gores you.
The death yak gores you but does no damage.
The yak gores you. The death yak gores you! The torpor snail bites you!
The yak closely misses you.
The death yak gores you but does no damage.
The death yak barely misses you. The death yak gores you.
* * * LOW HITPOINT WARNING * * *
The yak barely misses you. The death yak attacks as you move away!
The death yak gores you but does no damage.
The yak attacks as you move away! You block the yak's attack.
The death yak gores you!
* * * LOW HITPOINT WARNING * * *
The yak gores you but does no damage. The yak attacks as you move away!
The yak gores you!
* * * LOW HITPOINT WARNING * * *
Your surroundings seem slightly different.
As you read the scroll of teleportation, it crumbles to dust.
You feel strangely unstable. You block the yak's attack.
The yak gores you but does no damage. The death yak gores you!
* * * LOW HITPOINT WARNING * * *
The death yak gores you but does no damage.
Okay, then.
The death yak attacks as you move away! The death yak barely misses you.
The yak attacks as you move away! You block the yak's attack.
The death yak attacks as you move away!
The death yak gores you but does no damage.
The yak attacks as you move away! The yak gores you but does no damage.
You block the yak's attack. The death yak gores you!
You die...

........................#.##
.........##<..........>....#
.##......####.............##
.##..P....# ###...........P##
###..#...P####..............###
#....P........................##
##........#......Y...........#.#
##............YYYY..........###
#............P.@w...P.......#.#
##††..P..#...................###
#...............................
###............................#
###............................#
#.#..........P..................
##..............................
##...............................
#..........................#.....


You could see 3 death yaks, a torpor snail and 2 yaks.

Vanquished Creatures
  An azure jelly (IceCv)
  A quicksilver ooze (IceCv)
  Harold (Lair:2)
  A hydra (Lair:3)
  2 two-headed ogres
  A death yak (Lair:3)
  A deep troll (Lair:1)
  A bog body (Lair:2)
  Pikel (D:4)
  A cyclops (D:12)
  An ugly thing (D:11)
  6 elephants (Lair:1)
  A black mamba (Lair:2)
  2 ice statues (IceCv)
  3 cane toads
  A gargoyle (D:11)
  2 rime drakes
  8 komodo dragons
  A polar bear (Lair:1)
  4 dream sheep (Lair:3)
  21 slime creatures
  3 wyverns
  A vampire (D:11)
  A shadow (D:12)
  A wraith (D:12)
  40 yaks
  A basilisk (Lair:2)
  A steam dragon (D:7)
  2 swamp worms (Lair:2)
  Edmund (D:6)
  12 water moccasins
  An acid dragon (D:11)
  3 orc warriors
  2 ice beasts (D:7)
  A sky beast (D:7)
  A black bear (D:7)
  3 great orb of eyes simulacra (IceCv)
  3 wolves
  2 ogres
  8 centaurs
  A lemure (D:4)
  2 phantoms
  5 slime creature simulacra (IceCv)
  11 kobold brigands
  11 bullfrogs
  2 scorpions (D:6)
  2 gnoll sergeants
  3 glowing shapeshifter simulacra (IceCv)
  4 wights (D:6)
  6 howler monkeys
  4 electric eels
  3 hounds
  3 jellies
  12 orc priests
  2 sleepcaps
  5 iguanas
  12 orc wizards
  2 shapeshifter simulacra (IceCv)
  12 gnolls
  11 adders
  A river rat (Sewer)
  13 white imps
  7 worms
  A dart slug (D:4)
  46 orcs
  8 ball pythons
  6 endoplasms
  3 giant cockroaches
  6 hobgoblins
  11 quokkas
  8 bats
  3 frilled lizards
  7 goblins
  23 kobolds
  11 rats
415 creatures vanquished.

Vanquished Creatures (collateral kills)
  An azure jelly (IceCv)
  2 boulder beetles
  A two-headed ogre (D:12)
  A centaur warrior (D:12)
  A slime creature (IceCv)
  A yak (D:8)
  An acid dragon (D:8)
  An orc warrior (D:9)
  An orc (D:12)
10 creatures vanquished.

Vanquished Creatures (others)
  An orc wizard (D:5)
1 creature vanquished.

Grand Total: 426 creatures vanquished

Notes
Turn   | Place    | Note
-------+----------+-------------------------------------------
     0 | D:1      | MacCMillion the Hill Orc Fighter began the quest for the
                  | Orb.
     0 | D:1      | Reached XP level 1. HP: 19/19 MP: 1/1
   318 | D:1      | Reached skill level 3 in Axes
   325 | D:1      | Reached XP level 2. HP: 12/26 MP: 2/2
   736 | D:1      | Reached XP level 3. HP: 20/31 MP: 3/3
  1191 | D:2      | Reached skill level 4 in Axes
  1307 | D:2      | Reached XP level 4. HP: 39/39 MP: 4/4
  1843 | D:3      | Reached skill level 5 in Axes
  1895 | D:3      | Found a glowing silver altar of Zin.
  2172 | D:3      | Reached XP level 5. HP: 45/45 MP: 5/5
  2334 | D:3      | Reached skill level 6 in Axes
  2818 | D:4      | Noticed a phantom
  2831 | D:4      | Reached skill level 7 in Axes
  2835 | D:4      | Killed a phantom
  2836 | D:4      | Reached XP level 6. HP: 51/51 MP: 6/6
  2858 | D:4      | Found a shadowy altar of Dithmenos.
  2939 | D:4      | Reached skill level 8 in Axes
  2954 | D:4      | Noticed Pikel
  2967 | D:4      | Killed Pikel
  2968 | D:4      | Reached skill level 10 in Axes
  2968 | D:4      | Reached XP level 7. HP: 18/59 MP: 7/7
  3368 | D:5      | Entered Level 5 of the Dungeon
  3381 | D:5      | Reached XP level 8. HP: 67/67 MP: 8/8
  3385 | D:5      | Found a staircase to the Ecumenical Temple.
  3398 | Temple   | Entered the Ecumenical Temple
  3445 | Temple   | Became a worshipper of Makhleb the Destroyer
  3549 | D:5      | Found a radiant altar of Vehumet.
  3589 | D:5      | Found a shimmering altar of Xom.
  3601 | D:5      | Reached skill level 1 in Invocations
  3692 | D:5      | Reached skill level 5 in Fighting
  3736 | D:5      | Found a glowing drain.
  3740 | Sewer    | Entered a sewer
  3957 | Sewer    | Reached skill level 5 in Armour
  4033 | Sewer    | Reached * piety under Makhleb
  4290 | Sewer    | Reached skill level 11 in Axes
  4813 | D:5      | Reached XP level 9. HP: 75/75 MP: 12/12
  4922 | D:6      | Reached ** piety under Makhleb
  5262 | D:6      | Reached skill level 5 in Invocations
  5557 | D:6      | Reached skill level 12 in Axes
  5744 | D:6      | Noticed Edmund
  5763 | D:6      | Killed Edmund
  5960 | D:6      | Reached *** piety under Makhleb
  6083 | D:6      | Found a runed translucent door.
  6084 | D:6      | Noticed Crazy Yiuf
  6182 | D:7      | Reached XP level 10. HP: 88/88 MP: 13/15
  6842 | D:7      | Found an iron altar of Okawaru.
  6842 | D:7      | Found a blossoming altar of Fedhas.
  6973 | D:7      | Found a sacrificial altar of Ru.
  6988 | D:7      | Found a stormy altar of Qazlal.
  7958 | D:8      | Found a snail-covered altar of Cheibriados.
  7960 | D:8      | Found an ornate altar of the Wu Jian Council.
  8017 | D:8      | Found the +3 giant club "Skullcrusher" {speed, Str+7}
  8036 | D:8      | Reached skill level 13 in Axes
  8916 | D:9      | Reached **** piety under Makhleb
  8928 | D:9      | Found a hazy altar of Hepliaklqana.
  8972 | D:9      | Noticed a two-headed ogre
  8983 | D:9      | Killed a two-headed ogre
  8984 | D:9      | Reached XP level 11. HP: 79/97 MP: 17/17
  9107 | D:9      | Found Faehyoro's Distillery.
  9127 | D:9      | Noticed a boulder beetle
  9150 | D:9      | Killed a boulder beetle
  9151 | D:9      | Reached skill level 14 in Axes
  9162 | D:9      | Found a staircase to the Orcish Mines.
  9219 | D:9      | Reached skill level 10 in Invocations
  9736 | D:9      | Found a shimmering blue altar of Sif Muna.
  9878 | D:10     | Entered Level 10 of the Dungeon
 10518 | D:10     | Found a staircase to the Lair.
 10530 | D:10     | Identified the +0 cloak "Initon" {rC+ Int-3 SInv Stlth+}
 10587 | D:10     | Found a glowing golden altar of the Shining One.
 11375 | D:11     | Noticed a green ugly thing
 11389 | D:11     | Killed a green ugly thing
 11443 | D:11     | Noticed a boulder beetle
 11464 | D:11     | Killed a boulder beetle
 11973 | D:11     | Found a blossoming altar of Fedhas.
 12019 | D:12     | Noticed a centaur warrior
 12019 | D:12     | Noticed a two-headed ogre
 12538 | D:11     | Killed a two-headed ogre
 12769 | D:11     | Found a blossoming altar of Fedhas.
 12878 | D:12     | Noticed a cyclops
 12890 | D:12     | Killed a centaur warrior
 12893 | D:12     | Killed a cyclops
 12928 | D:12     | Reached XP level 12. HP: 105/105 MP: 22/22
 12950 | D:12     | Noticed a two-headed ogre
 13050 | D:12     | Killed a two-headed ogre
 13051 | D:12     | Reached skill level 15 in Invocations
 13226 | Lair:1   | Entered Level 1 of the Lair of Beasts
 13822 | Lair:1   | Reached skill level 10 in Fighting
 14397 | Lair:1   | Reached skill level 10 in Armour
 14883 | Lair:1   | Reached skill level 15 in Axes
 15290 | Lair:2   | Found a hole to the Spider Nest.
 15296 | Lair:2   | Noticed Harold
 15312 | Lair:2   | Killed Harold
 15428 | Lair:2   | Found a frozen archway.
 15459 | IceCv    | Entered an ice cave
 15509 | IceCv    | Reached skill level 16 in Axes
 15997 | IceCv    | Noticed a quicksilver ooze
 16010 | IceCv    | Killed a quicksilver ooze
 16011 | IceCv    | Reached XP level 13. HP: 46/113 MP: 11/24
 16282 | IceCv    | Reached skill level 17 in Axes
 16406 | IceCv    | Reached ***** piety under Makhleb
 16450 | IceCv    | Found a viscous altar of Jiyva.
 16450 | IceCv    | Noticed an azure jelly
 16462 | IceCv    | Killed an azure jelly
 16464 | IceCv    | Noticed an azure jelly
 16471 | IceCv    | Killed an azure jelly
 16472 | IceCv    | Reached skill level 18 in Axes
 16498 | IceCv    | Identified the +0 leather armour "Aschuutae" {*Corrode
                  | rPois rN+ Dex+9}
 17165 | Lair:2   | Found a staircase to the Swamp.
 18424 | Lair:3   | Slain by a death yak

Illustrated notes

Levels and vault maps discovered:
D:1:      matt_arrival_refuge, layout_loops_ring
D:2:      layout_basic
D:3:      layout_loops_ring, mainiacjoe_overflow_cross_hatched,
          saegor_snake_ambush
D:4:      layout_cave_pools, grunt_dithmenos_smoke, minmay_checkerbox,
          uniq_pikel
D:5:      layout_rooms, vehumet_statue, brannock_xom_greatest_gift,
          minmay_temple_entry_offerings, gup_sewer_entry_bowl
D:6:      kennysheep_six_static_rooms, layout_basic, minmay_quadrilaterals,
          uniq_edmund, uniq_crazy_yiuf_cottage
D:7:      layout_loops_ring, mainiacjoe_overflow_swirl,
          nicolae_overflow_two_pavilions, kennysheep_cross_room,
          kennysheep_cross_bottleneck, minivault_4
D:8:      layout_loops_corners, nicolae_overflow_hidden_temple, minivault_21,
          hangedman_decor_diamond_cutter
D:9:      layout_cave_pools, mainiacjoe_overflow_catwalk, tgw_sif, serial_shops,
          nicolae_inconvenience_store, nicolae_nh_ransacked_shop
D:10:     layout_irregular_city, nicolae_tso_swordbearing_angel,
          lair_entry_dummy, kennysheep_donut
D:11:     layout_basic, fedhas_altar_4
D:12:     layout_rooms
Temple:   pf_slimified_temple
Lair:1:   dreamdust_cave_troll, layout_layer_cave, beast_lair_carwin_1
Lair:2:   layout_loops_ring, nicolae_swamp_entry_splash_gauntlet,
          spider_nest_entry_web_field, portal_ice_cave_entry_imps, uniq_harold
Lair:3:   layout_hall_layers, lemuel_fruit_fields, serial_bayou_shore_b,
          lemuel_fruit_fields
Lair:4:   layout_roguey, chequers_serial_rivers_micro_e, minmay_holes,
          serial_bayou_pond_c, lemuel_another_geyser, lemuel_fruit_tree,
          grunt_megastairs_4

Skill      XL: |  1  2  3  4  5  6  7  8  9 10 11 12 13 |
---------------+----------------------------------------+-----
Axes           | 3 4 5 7 10 11 12 13 14 16 18 | 18.0
Shields        | 4 |  4.0
Fighting       | 4 6 7 9 10 11 | 11.9
Armour         | 4 5 7 8 9 11 13 | 13.3
Invocations    | 4 6 8 14 15 | 15.0

Action                     |  1- 3 |  4- 6 |  7- 9 | 10-12 | 13-15 || total
---------------------------+-------+-------+-------+-------+-------++-------
  Melee: War axe           |    99 |   152 |   371 |   417 |       ||  1039
         Broad axe         |       |       |       |   204 |   242 ||   446
         Spear             |       |       |       |       |    11 ||    11
  Throw: Dart              |       |       |     3 |     1 |       ||     4
 Invoke: Minor Destruction |       |       |    22 |    64 |     1 ||    87
         Lesser Servant of |       |       |       |     9 |     2 ||    11
         Major Destruction |       |       |       |     2 |       ||     2
         Greater Servant o |       |       |       |       |     1 ||     1
  Evoke: Wand              |       |       |       |     1 |       ||     1
    Use: Potion            |       |     1 |       |     1 |       ||     2
         Scroll            |       |       |       |    16 |     3 ||    19
   Stab: Distracted        |       |       |       |     2 |       ||     2
 Armour: Scale mail        |    53 |    67 |    88 |       |       ||   208
         Chain mail        |       |       |    51 |   322 |   140 ||   513
  Dodge: Dodged            |    40 |    84 |   100 |   208 |   100 ||   532
  Block: Buckler           |    23 |    26 |    48 |   111 |    39 ||   247
